 Dungeon Crawl Stone Soup version 0.29-a0-322-g68df515428 (webtiles) character file.

Game seed: 3682952945884754007

54702 mdonais the Destroyer (level 14, -7/99 HPs)
             Began as an Octopode Conjurer on Apr 5, 2022.
             Was a High Priest of Vehumet.
             Constricted to death by Jorgrun (8 damage)
             ... on level 12 of the Dungeon on Apr 6, 2022.
             The game lasted 01:39:34 (27694 turns).

mdonais the Destroyer (Octopode Conjurer)          Turns: 27694, Time: 01:39:34

Health: -7/99      AC:  4    Str: 18    XL:     14   Next: 74%
Magic:  21/30      EV: 10    Int: 24    God:    Vehumet [*****.]
Gold:   1602       SH: 15    Dex: 12    Spells: 23/37 levels left

rFire   . . .      SeeInvis .   b - staff of conjuration
rCold   . . .      Faith    .   H - +0 kite shield
rNeg    . . .      Spirit   .   D - +2 hat
rPois   +          Reflect  +   G - amulet of reflection
rElec   .          Harm     .   h - ring of flight
rCorr   .          Rampage  .   o - ring of poison resistance
Will    +....                   J - +6 ring of strength
Stlth   ++++......              W - +6 ring of strength
HPRegen 0.26/turn               (no ring)
MPRegen 0.22/turn               (no ring)
                                (no ring)
                                (no ring)

@: grasped by roots, flying, constricted, studying Staves
A: almost no armour, amphibious, 8 rings, camouflage 1, gelatinous body 1,
(nimble swimmer 1), tentacles, tentacle spike 1, shaggy fur 1
a: Renounce Religion


You were on level 12 of the Dungeon.
You worshipped Vehumet.
Vehumet was extremely pleased with you.
You visited 4 branches of the dungeon, and saw 21 of its levels.

You collected 1602 gold pieces.

Inventory:

Hand Weapons
 a - the +9 hand axe of Itiupot {protect, rElec rF+ rCorr}
   (You took it off an orc on level 4 of the Dungeon)

   It grants its wielder temporary protection when it strikes (+7 to AC).
   rF:        It protects you from fire.
   rElec:     It insulates you from electricity.
   rCorr:     It protects you from acid and corrosion.
Missiles
 j - 7 poisoned darts
 t - 28 boomerangs
 v - 2 javelins
 F - 6 curare-tipped darts (quivered)
 Z - 4 throwing nets {=!f}
Armour
 s - an orb of energy
   (You found it on level 6 of the Dungeon)
 B - a +1 buckler
   (You took it off an orc priest on level 6 of the Dungeon)
 D - a +2 hat (worn)
   (You found it on level 8 of the Dungeon)
 H - a +0 kite shield (worn)
   (You took it off an orc warrior on level 9 of the Dungeon)
Magical Staves
 b - a staff of conjuration (weapon)
   (You found it on level 1 of the Dungeon)
 e - a staff of air
   (You found it on level 1 of the Dungeon)
Jewellery
 h - a ring of flight (left tentacle)
   (You found it on level 1 of the Dungeon)
 o - a ring of poison resistance (right tentacle)
   (You found it on level 6 of the Dungeon)
 G - an amulet of reflection (around mantle)
   (You found it on level 10 of the Dungeon)
 J - a +6 ring of strength (on tentacle)
   (You took it off a vampire on level 10 of the Dungeon)
 W - a +6 ring of strength (on tentacle)
   (You found it on level 2 of the Lair of Beasts)
Wands
 y - a wand of mindburst (14)
   (You found it on level 5 of the Dungeon)
 A - a wand of acid (17)
   (You found it on level 8 of the Dungeon)
 C - a wand of polymorph (20)
   (You found it on level 6 of the Dungeon)
 I - a wand of iceblast (34)
   (You found it on level 2 of the Dungeon)
 P - a wand of paralysis (5)
   (You found it on level 2 of the Lair of Beasts)
 V - a wand of flame (17)
   (You found it on level 10 of the Dungeon)
Scrolls
 c - a scroll of blinking {unknown}
 f - 2 scrolls of immolation
 n - 4 scrolls of vulnerability
 p - a scroll of enchant armour
 q - a scroll of fog {unknown}
 w - a scroll of amnesia {unknown}
 M - 6 scrolls of magic mapping
 N - 2 scrolls of enchant weapon {unknown}
 O - a scroll of brand weapon
 T - 5 scrolls of teleportation
Potions
 d - 2 potions of magic
 g - 5 potions of might {unknown}
 i - 7 potions of mutation
 k - 3 potions of heal wounds
 l - 5 potions of attraction {unknown}
 m - a potion of lignification {unknown}
 r - a potion of cancellation {unknown}
 u - 2 potions of resistance
 z - 2 potions of invisibility {unknown}
 E - 7 potions of ambrosia
 L - a potion of flight {unknown}
 Q - 10 potions of curing
 S - a potion of brilliance {unknown}
Miscellaneous
 K - a condenser vane
   (You found it on level 1 of the Lair of Beasts)
 U - a phial of floods
   (You found it on level 9 of the Dungeon)
 X - a box of beasts
   (You found it on level 5 of the Lair of Beasts)


   Skills:
 - Level 10.0 Fighting
 - Level 4.0 Staves
 - Level 6.0 Dodging
 - Level 5.0 Stealth
 + Level 7.8 Shields
 - Level 12.0 Spellcasting
 - Level 13.0 Conjurations
 - Level 8.0 Hexes
 - Level 6.0 Translocations
 - Level 7.0 Evocations


You had 23 spell levels left.
You knew the following spells:

 Your Spells              Type           Power      Damage    Failure   Level
a - Magic Dart            Conj           100%       1d8       1%          1
b - Searing Ray           Conj           100%       2d8       1%          2
c - Fulminant Prism       Conj/Hex       38%        3d18      1%          4
d - Dazzling Flash        Conj/Hex       100%       N/A       1%          3
e - Iskenderun's Mystic   Conj/Tloc      74%        2d15      1%          4

Your spell library contained the following spells:

 Spells                   Type           Power      Damage    Failure   Level
 Olgreb's Toxic Radiance  Pois           14%        N/A       26%         4
 Apportation              Tloc           86%        N/A       1%          1
 Summon Guardian Golem    Hex/Summ       33%        N/A       6%          3
 Frozen Ramparts          Ice            28%        1d4       9%          3
 Animate Skeleton         Necr           28%        N/A       11%         1
 Pain                     Necr           56%        1d6       11%         1
 Summon Small Mammal      Summ           56%        N/A       11%         1
 Call Canine Familiar     Summ           14%        N/A       30%         3
 Vampiric Draining        Necr           14%        2d7       30%         3
 Animate Dead             Necr           7%         N/A       71%         4
 Ice Form                 Ice/Tmut       14%        N/A       71%         4
 Summon Ice Beast         Ice/Summ       14%        N/A       71%         4
 Haunt                    Necr/Summ      7%         N/A       100%        7
 Malign Gateway           Summ/Tloc      14%        N/A       100%        7
 Infestation              Necr           7%         N/A       100%        8
 Summon Horrible Things   Summ           7%         N/A       100%        8


Dungeon Overview and Level Annotations

Branches:
Dungeon (12/15)            Temple (1/1) D:7            Lair (6/6) D:8
  Swamp (0/4) Lair:2        Snake (0/4) Lair:3          Orc (2/2) D:10
  Slime: Lair:5-6       Elf: Orc:2

Altars:
Ashenzari
Kikubaaqudgha
Makhleb
Okawaru
Ru
Vehumet
Wu Jian
Xom
Yredelemnul
Zin

Annotations:
D:10 1 runed translucent door
D:12 Jorgrun
Lair:5 exclusion: downstairs


Innate Abilities, Weirdness & Mutations

You cannot wear most types of armour.
You are amphibious.
You can wear up to eight rings at the same time.
Your skin changes colour to match your surroundings (Stealth+).
Your rubbery body absorbs attacks. (AC +1, EV +1)
((You are camouflaged when in or above water. (Stealth+)))
You have tentacles for arms and can constrict up to eight enemies at once.
One of your tentacles bears a spike.
You are covered in fur. (AC +1)


Message History

Okay, then.
It was a potion of curing.
You feel better.
Q - 10 potions of curing;
q - a scroll labelled KAILOT WILURY
Okay, then.
Char dumped successfully.
Unknown command.
You have 1568 gold pieces.
Search for what [Enter for "."]? shop Can't find anything matching that.
Unknown command.
Unknown command.
As you read the scroll labelled POSTRU ACEDDINU, it crumbles to dust.
Your body is wracked with pain!
It was a scroll of torment.
You take 48 damage, and have 51/99 hp.
MASSIVE DAMAGE!!
You start resting.
HP restored.
Health restored: 99 You drop 3 scrolls of torment.
Okay, then.
(D) Dungeon (T) Temple (L) Lair (S) Swamp (P) Snake Pit (O) Orcish Mines
Where to? (Enter - D:11 @ (x,y), ? - help)
There is an open door here.
There is an open door here.
You see here a +0 dagger.
You see here a +0 ring mail.
There is a stone staircase leading down here.
You fly downwards.
Found a scroll labelled BOEGYJUIWE.
There is a stone staircase leading up here.
w - a scroll labelled BOEGYJUIWE
Found a leather armour.
A deep elf pyromancer comes into view.
It is wielding a +0 long sword of holy wrath.
Found a falchion.
Casting: Fulminant Prism (safe; 1% risk of failure)
Confirm with . or Enter, or press ? or * to list all spells.
Aiming: Fulminant Prism (safe; 1% risk of failure)
Press: ? - help, Dir - move target You feel a surge of power!
You conjure a prism of explosive energy!
A fulminant prism comes into view.
The deep elf pyromancer shouts!
You now have 26/30 mp.
Your fulminant prism crackles loudly.
Your fulminant prism explodes!
Casting: Fulminant Prism (safe; 1% risk of failure)
Confirm with . or Enter, or press ? or * to list all spells.
Aiming: Fulminant Prism (safe; 1% risk of failure)
Press: ? - help, Dir - move target You feel a surge of power!
You conjure a prism of explosive energy!
A fulminant prism comes into view.
You now have 23/30 mp.
Your fulminant prism crackles loudly.
Your fulminant prism explodes!
The blast of energy engulfs the deep elf pyromancer!
You kill the deep elf pyromancer!
Vehumet accepts your kill.
You start resting.
Magic restored.
MP restored: 30 You see here a +0 long sword of holy wrath.
You now have 1587 gold pieces (gained 19).
Found a chain mail.
You pick up a book of Death and begin reading...
You add the spells Animate Dead, Haunt and Infestation to your library.
Okay, then.
There is a stone staircase leading down here.
You now have 1602 gold pieces (gained 15).
Found a hand axe.
Okay, then.
You start removing your armour.
You continue taking off your +1 buckler. x4
You finish taking off your +1 buckler.
You start putting on your armour.
You continue putting on your +0 kite shield. x5
You finish putting on your +0 kite shield.
Search for what [Enter for "shop", or ? for help]? armor Jorgrun Earthshaker comes into view.
He is wielding a staff of earth.
Casting: Fulminant Prism (safe; 1% risk of failure)
Confirm with . or Enter, or press ? or * to list all spells.
Aiming: Fulminant Prism (safe; 1% risk of failure)
Press: ? - help, Dir - move target You feel a surge of power!
You conjure a prism of explosive energy!
A fulminant prism comes into view.
Jorgrun shouts!
You hear a shout!
You now have 26/30 mp.
Jorgrun gestures at you while chanting.
You are slowing down.
Your fulminant prism crackles loudly.
Casting: Fulminant Prism (safe; 1% risk of failure)
Confirm with . or Enter, or press ? or * to list all spells.
Aiming: Fulminant Prism (safe; 1% risk of failure)
Press: ? - help, Dir - move target You feel a surge of power!
You conjure a prism of explosive energy!
A fulminant prism comes into view.
Jorgrun gestures at you while chanting.
Roots burst forth from the earth!
The grasping roots grab you! The grasping roots constrict you.
Your fulminant prism explodes!
The blast of energy engulfs Jorgrun!!
Jorgrun is moderately wounded.
You hear a shout!
Your limbs are stiffening.
You take 2 damage, and have 97/99 hp.
You now have 22/30 mp.
Casting: Fulminant Prism (safe; 1% risk of failure)
Confirm with . or Enter, or press ? or * to list all spells.
Aiming: Fulminant Prism (safe; 1% risk of failure)
Press: ? - help, Dir - move target You feel a surge of power!
You conjure a prism of explosive energy!
A fulminant prism comes into view.
The grasping roots constrict you!!
Your fulminant prism crackles loudly.
Jorgrun casts a spell at you.
The iron shot hits your fulminant prism!
The grasping roots constrict you.
You have turned to stone.
Your fulminant prism explodes!
The blast of energy engulfs Jorgrun!!
Jorgrun is heavily wounded.
The grasping roots constrict you!
Your fulminant prism crackles loudly.
You hear a shout!
The grasping roots constrict you!
Your fulminant prism explodes!
The blast of energy engulfs Jorgrun!!
Jorgrun is heavily wounded.
The grasping roots constrict you! The grasping roots constrict you.
The grasping roots constrict you!
Jorgrun hits you with a staff of earth!!
Jorgrun shatters you! The grasping roots constrict you!
Jorgrun hits you but does no damage. Jorgrun shatters you.
The grasping roots constrict you!
Jorgrun hits you with a staff of earth!!
* * * LOW HITPOINT WARNING * * *
The grasping roots constrict you!
* * * LOW HITPOINT WARNING * * *
You turn to flesh and can move again.
You take 74 damage, and have 23/99 hp.
MASSIVE DAMAGE!!
You now have 20/30 mp.
As you read the scroll of summoning, it crumbles to dust.
Wisps of shadow whirl around you... Jorgrun hits you with a staff of earth.
* * * LOW HITPOINT WARNING * * *
Jorgrun shatters you!!
* * * LOW HITPOINT WARNING * * *
The grasping roots constrict you!
You die...

.. #.# ..
..#####.##########
..
.................#
#.
#.#####..........#
#.y........#
#..........#
#...y......#
#.V..y.....#
#...@T.....#
#...g......#
#...u...y..#
........).....#
####..........#
#.........<#
#..........#
#.......^..#
#..........#


You could see Jorgrun (ally target), a friendly red ugly thing (summoned), a
friendly troll (summoned), a friendly vampire (summoned) and 4 friendly vampire
mosquitoes.

Vanquished Creatures
  A ghost moth (shapeshifter) (D:10)
  Snorg (Lair:4)
  Harold (Lair:2)
  Josephine (D:10)
  5 hydras
  2 two-headed ogres (D:10)
  Pikel (D:9)
  A deep elf pyromancer (D:12)
  A manticore (Lair:5)
  31 elephants
  3 black mambas
  8 cane toads
  6 komodo dragons
  6 rime drakes
  5 trolls
  3 meliai (Lair:4)
  A queen bee (Lair:4)
  2 polar bears (Lair:2)
  26 blink frogs
  Grinder (D:3)
  5 wraiths
  2 vampires
  8 basilisks
  11 wyverns
  58 yaks
  A steam dragon (Lair:4)
  Grum (Lair:1)
  3 vampire mosquitoes
  2 two-headed ogre zombies (D:10)
  2 nagas (Lair:3)
  A hell hound (Lair:5)
  12 water moccasins
  2 sky beasts
  16 orc warriors
  4 ogres
  15 wolves
  3 centaurs
  2 phantoms (D:10)
  4 lemures
  13 bullfrogs
  2 gnoll sergeants
  3 necrophages
  A scorpion (D:3)
  3 wights (D:7)
  3 troll zombies (D:10)
  26 killer bees
  An electric eel (Lair:2)
  2 howler monkeys (D:11)
  4 hounds
  2 gnoll shamans
  2 jellies
  11 orc priests
  Crazy Yiuf (D:6)
  Jessica (D:3)
  16 orc wizards
  5 iguanas
  Natasha (thrice) (D:4)
  8 hell rats (Lair:5)
  3 ogre zombies (D:10)
  Robin (D:3)
  15 gnolls
  11 adders
  2 white imps
  An ufetubus (D:7)
  2 worms (D:3)
  4 dart slugs
  46 orcs
  7 ball pythons
  4 endoplasms
  4 giant cockroaches
  18 goblins
  7 hobgoblins
  5 jackals
  2 quokkas (D:1)
  2 frilled lizards (D:3)
  A goblin skeleton (D:10)
  A goblin zombie (D:10)
  A hobgoblin skeleton (D:10)
  7 hobgoblin zombies (D:10)
  3 kobolds
  4 orc skeletons (D:10)
  11 orc zombies (D:10)
  2 rats
  4 fulminant prisms
533 creatures vanquished.

Vanquished Creatures (others)
  A bush (Lair:4)
  317 fulminant prisms
  97 fungi
  111 plants
526 creatures vanquished.

Grand Total: 1059 creatures vanquished

Notes
Turn   | Place    | Note
-------+----------+-------------------------------------------
     0 | D:1      | mdonais the Octopode Conjurer began the quest for the Orb.
     0 | D:1      | Reached XP level 1. HP: 11/11 MP: 3/3
   243 | D:1      | Reached XP level 2. HP: 17/17 MP: 0/5
   792 | D:1      | Found a faded altar of an unknown god.
   924 | D:2      | Reached XP level 3. HP: 21/21 MP: 1/6
  2134 | D:3      | Reached XP level 4. HP: 25/27 MP: 2/7
  2391 | D:3      | Noticed Robin
  2459 | D:3      | Noticed a scorpion
  2465 | D:3      | Killed a scorpion
  2466 | D:3      | Reached skill level 5 in Conjurations
  2466 | D:3      | Reached XP level 5. HP: 31/31 MP: 1/9
  2697 | D:3      | Noticed Jessica
  2699 | D:3      | Killed Jessica
  3078 | D:3      | Noticed Grinder
  3086 | D:3      | Killed Grinder
  3087 | D:3      | Reached skill level 6 in Conjurations
  3087 | D:3      | Reached skill level 1 in Fighting
  3087 | D:3      | Reached XP level 6. HP: 39/39 MP: 2/12
  3090 | D:3      | Learned a level 2 spell: Searing Ray
  3095 | D:3      | Learned a level 4 spell: Fulminant Prism
  3356 | D:3      | Killed Robin
  3720 | D:4      | Reached XP level 7. HP: 35/45 MP: 7/13
  3833 | D:4      | You are sucked into a shaft and drop 1 floor!
  3833 | D:5      | Entered Level 5 of the Dungeon
  3895 | D:5      | Learned a level 3 spell: Dazzling Flash
  3900 | D:5      | Learned a level 4 spell: Iskenderun's Mystic Blast
  4047 | D:5      | Found a broken altar of Ashenzari.
  4387 | D:4      | Noticed Natasha
  4390 | D:4      | Killed Natasha
  4394 | D:5      | Reached skill level 5 in Spellcasting
  4416 | D:4      | Identified the +9 hand axe of Itiupot {protect, rElec rF+
                  | rCorr}
  4508 | D:4      | Reached skill level 1 in Translocations
  4765 | D:4      | Noticed Natasha
  4769 | D:4      | Killed Natasha
  5046 | D:4      | Reached XP level 8. HP: 50/50 MP: 9/15
  5082 | D:4      | Noticed Natasha
  5251 | D:4      | Killed Natasha
  5517 | D:5      | Noticed a yak
  5653 | D:5      | Gained mutation: You are covered in fur. (AC +1) [potion of
                  | mutation]
  5653 | D:5      | Gained mutation: One of your tentacles bears a spike.
                  | [potion of mutation]
  6004 | D:5      | Noticed a yak
  6021 | D:5      | Killed a yak
  6022 | D:5      | Reached skill level 1 in Evocations
  6129 | D:5      | Noticed a yak
  6135 | D:5      | Killed a yak
  6136 | D:5      | Reached skill level 7 in Conjurations
  6138 | D:5      | Killed a yak
  6139 | D:5      | Reached skill level 5 in Translocations
  6704 | D:6      | Found a sacrificial altar of Ru.
  6706 | D:6      | Found an ancient bone altar of Kikubaaqudgha.
  6718 | D:6      | Reached XP level 9. HP: 56/56 MP: 8/16
  8013 | D:6      | Found a runed translucent door.
  8014 | D:6      | Noticed Crazy Yiuf
  8020 | D:6      | Killed Crazy Yiuf
  8116 | D:7      | Reached skill level 1 in Shields
  8266 | D:7      | Found a shimmering altar of Xom.
  8332 | D:7      | Reached skill level 5 in Hexes
  8477 | D:7      | Found a basalt altar of Yredelemnul.
  8534 | D:7      | Found a glowing silver altar of Zin.
  8759 | D:7      | Found a staircase to the Ecumenical Temple.
  8766 | Temple   | Entered the Ecumenical Temple
  8807 | Temple   | Became a worshipper of Vehumet
  9637 | D:8      | Noticed an elephant
  9649 | D:8      | Killed an elephant
  9649 | D:8      | Reached * piety under Vehumet
  9649 | D:8      | Offered knowledge of Freeze by Vehumet.
  9650 | D:8      | Reached skill level 8 in Conjurations
  9650 | D:8      | Reached XP level 10. HP: 63/63 MP: 2/19
  9801 | D:8      | Found a staircase to the Lair.
  9831 | D:8      | Found an ornate altar of the Wu Jian Council.
 10553 | D:8      | Identified the +1 robe of Tomorrow {Str+3 Dex+4}
 10707 | D:9      | Reached skill level 5 in Shields
 10784 | D:9      | Noticed Pikel
 11524 | D:9      | Found an iron altar of Okawaru.
 12023 | D:9      | Killed Pikel
 12024 | D:9      | Reached skill level 9 in Conjurations
 12564 | D:9      | Found an iron altar of Okawaru.
 12661 | D:10     | Entered Level 10 of the Dungeon
 12753 | D:10     | Noticed Josephine
 12883 | D:10     | Reached skill level 5 in Stealth
 12990 | D:10     | Noticed a two-headed ogre
 13269 | D:10     | Reached skill level 5 in Fighting
 13315 | D:10     | Killed Josephine
 13316 | D:10     | Reached XP level 11. HP: 41/71 MP: 11/21
 13467 | D:10     | Reached skill level 10 in Conjurations
 13474 | D:10     | Offered knowledge of Sandblast by Vehumet.
 13602 | D:10     | Reached ** piety under Vehumet
 14099 | D:10     | Found a staircase to the Orcish Mines.
 14121 | D:10     | Offered knowledge of Static Discharge by Vehumet.
 14571 | D:10     | Noticed a two-headed ogre
 14572 | D:10     | Found a runed translucent door.
 14573 | D:10     | Found a burning altar of Makhleb.
 14573 | D:10     | Noticed a sixfirhy
 14642 | D:10     | Killed a two-headed ogre
 14650 | D:10     | Reached skill level 11 in Conjurations
 14750 | D:10     | Reached *** piety under Vehumet
 14755 | D:10     | Killed a ghost moth
 14762 | D:10     | Killed a two-headed ogre
 15129 | D:10     | Identified the +0 pair of gloves "Ifyst" {+Blink Dex+3}
 15273 | Lair:1   | Entered Level 1 of the Lair of Beasts
 15596 | Lair:1   | Noticed Grum
 15602 | Lair:1   | Killed Grum
 16057 | Lair:1   | Reached skill level 5 in Dodging
 16084 | Lair:1   | Reached XP level 12. HP: 78/78 MP: 2/24
 16555 | Lair:1   | Reached skill level 5 in Evocations
 16686 | Lair:1   | Offered knowledge of Conjure Flame by Vehumet.
 17079 | Lair:2   | Noticed Harold
 17094 | Lair:2   | Killed Harold
 17095 | Lair:2   | Reached skill level 12 in Conjurations
 17622 | Lair:2   | Reached **** piety under Vehumet
 17895 | Lair:2   | Found a staircase to the Swamp.
 17978 | Lair:2   | Offered knowledge of Lee's Rapid Deconstruction by Vehumet.
 18660 | Lair:2   | Reached skill level 10 in Spellcasting
 18875 | Lair:3   | Reached skill level 13 in Conjurations
 18995 | Lair:2   | Reached XP level 13. HP: 77/86 MP: 3/27
 19447 | Lair:3   | You are sucked into a shaft and drop 1 floor!
 20801 | Lair:3   | Found a staircase to the Snake Pit.
 20867 | Lair:3   | Found a burning altar of Makhleb.
 21388 | Lair:4   | Reached ***** piety under Vehumet
 21622 | Lair:4   | Offered knowledge of Olgreb's Toxic Radiance by Vehumet.
 22060 | Lair:4   | Noticed Snorg
 22075 | Lair:4   | Killed Snorg
 22680 | Lair:5   | Reached XP level 14. HP: 12/95 MP: 14/29
 23717 | Lair:5   | Reached skill level 1 in Staves
 24472 | Lair:6   | Entered Level 6 of the Lair of Beasts
 24991 | Lair:6   | Reached skill level 10 in Fighting
 25677 | Orc:1    | Entered Level 1 of the Orcish Mines
 26026 | Orc:2    | Entered Level 2 of the Orcish Mines
 26387 | Orc:2    | Noticed an orc warlord
 27052 | D:11     | Found the +4 robe of Augmentation {Str+4 Int+4 Dex+4}
 27681 | D:12     | Noticed Jorgrun
 27694 | D:12     | HP: 1/99 [Jorgrun/staff of earth (20)]
 27694 | D:12     | Constricted to death by Jorgrun

Illustrated notes

Levels and vault maps discovered:
D:1:      dpeg_arrival_arbitrary_a, layout_rooms, serial_curves, eino_curves_04,
          eino_curves_01, eino_curves_04, dilly_ecumenical_altar_fadedgnrine,
          minmay_crystal_water
D:2:      layout_loops_corners
D:3:      layout_basic, amcnicky_mini_rare_corridor_liquid, uniq_robin,
          uniq_jessica, uniq_grinder
D:4:      layout_basic, minmay_misc_feat_cross, kennysheep_big_empty_room,
          uniq_natasha
D:5:      layout_basic, evilmike_ruin_ashenzari
D:6:      layout_loops_corners, chequers_temple_overflow_statue_of_worship,
          uniq_crazy_yiuf_cottage
D:7:      layout_gridville, xom_butterflies,
          mainiacjoe_overflow_small_starburst, mainiacjoe_overflow_alcove_1,
          minmay_temple_entry_ruins
D:8:      layout_basic, nicolae_wu_jian_wuxing_cycle, david_lair_generic
D:9:      layout_loops_ring, lemuel_coloured_pillars_altar, serial_bayou,
          serial_bayou_crossing, serial_bayou_pond_e, serial_bayou_pond_d,
          serial_bayou_pond_c, uniq_pikel
D:10:     minmay_ornate_pinched, layout_gridville, nzn_makhleb_speed_demon,
          zombieorc2_lemuel, uniq_josephine
D:11:     layout_basic
D:12:     layout_small_grid, uniq_jorgrun
Temple:   nicolae_temple_figure_eight
Lair:1:   layout_long_grid, uniq_grum
Lair:2:   layout_big_grid, swamp_mist_pool, grunt_megastairs_5, uniq_harold
Lair:3:   layout_chaotic_city, guppyfry_snake_entry_garden, basic_altar,
          beast_lair_carwin_11
Lair:4:   layout_roguey [special_room_bee], fungi_pond_lemuel,
          grunt_megastairs_2, uniq_snorg
Lair:5:   layout_gridlike, special_room [special_room_mythical_zoo]
Lair:6:   minmay_lair_end_frog_pond, layout_loops_ring, slime_altar_1,
          worms_lemuel, infiniplex_staircase_pool_2
Orc:1:    layout_diamond_mine
Orc:2:    grunt_orc_gardens, layout_diamond_mine, grunt_orc_garden,
          grunt_orc_garden, grunt_orc_garden, grunt_orc_garden, led_sif_book,
          uniq_maurice, uniq_sonja

Skill      XL: |  1  2  3  4  5  6  7  8  9 10 11 12 13 14 |
---------------+-------------------------------------------+-----
Stealth        | 3 4 5 |  5.0
Conjurations   | 5 6 7 8 9 11 13 | 13.0
Spellcasting   | 4 5 6 7 8 10 11 12 | 12.0
Fighting       | 1 2 3 5 7 8 10 | 10.0
Translocations | 4 5 6 |  6.0
Evocations     | 2 3 4 5 7 |  7.0
Hexes          | 4 5 6 8 |  8.0
Shields        | 4 5 7 |  7.8
Dodging        | 4 5 6 |  6.0
Staves         | 4 |  4.0

Action                   |  1- 3 |  4- 6 |  7- 9 | 10-12 | 13-15 || total
-------------------------+-------+-------+-------+-------+-------++-------
Melee: Staff             |       |       |     7 |     2 |     5 ||    14
       Hand axe          |       |       |     6 |    16 |     1 ||    23
       Tentacles         |       |       |     5 |     2 |       ||     7
       Kick              |       |       |     4 |     5 |     2 ||    11
       Constrict         |       |       |     2 |     2 |     2 ||     6
Throw: Dart              |       |       |       |       |     2 ||     2
 Cast: Magic Dart        |    52 |    70 |   137 |    98 |    32 ||   389
       Searing Ray       |       |     4 |    58 |    92 |    85 ||   239
       Fulminant Prism   |       |       |     4 |   116 |   206 ||   326
       Iskenderun's Myst |       |       |     2 |    11 |    13 ||    26
       Dazzling Flash    |       |       |       |     1 |       ||     1
Evoke: Wand              |       |     3 |       |     3 |     2 ||     8
  Use: Scroll            |       |       |     8 |     4 |     3 ||    15
       Potion            |       |       |     1 |       |     2 ||     3
Armor: Skin              |       |     2 |     4 |    19 |    15 ||    40
Dodge: Dodged            |       |       |    11 |   107 |    84 ||   202
Block: Buckler           |       |       |     3 |    82 |    99 ||   184
       Reflection        |       |       |       |       |     5 ||     5

Table legend: (Time is in decaauts)
 A = Elapsed time spent in this place.
 B = Non-inter-level travel time spent in this place.
 C = Inter-level travel time spent in this place.
 D = Time resting spent in this place.
 E = Time spent auto-exploring this place.
 F = Levels seen in this place.
 G = Mean time per level.
                   A        B        C        D        E       F      G
               +--------+--------+--------+--------+--------+-----+--------+
         Total |  27738 |  26476 |   1262 |  12131 |  10309 |  21 | 1320.9 |
       Dungeon |  16619 |  15852 |    767 |   6118 |   7552 |  12 | 1384.9 |
        Temple |     51 |     41 |     10 |      0 |     37 |   1 |   51.0 |
          Lair |  10263 |   9817 |    446 |   5484 |   2658 |   6 | 1710.5 |
  Orcish Mines |    804 |    766 |     38 |    529 |     62 |   2 |  402.0 |
               +--------+--------+--------+--------+--------+-----+--------+

Top non-repeatable levels by time:
  Lair:4: 3581 daAuts
     D:9: 3249 daAuts
  Lair:1: 1974 daAuts
  Lair:2: 1816 daAuts
  Lair:5: 1783 daAuts
     D:6: 1677 daAuts
     D:3: 1526 daAuts
     D:5: 1447 daAuts
     D:7: 1424 daAuts
     D:8: 1386 daAuts
     D:4: 1368 daAuts
    D:10: 1314 daAuts
     D:2: 1156 daAuts
  Lair:3: 1023 daAuts
    D:11: 997 daAuts
